 Dungeon Crawl Stone Soup version 0.23-a0-338-g8ff0b24 (webtiles) character file.

26 namelastname112 the Skirmisher (level 2, -2/26 HPs)
             Began as a Draconian Wanderer on Oct 18, 2018.
             Slain by a gnoll
             ... wielding a +0 halberd
              (14 damage)
             ... on level 1 of the Dungeon.
             The game lasted 00:01:11 (653 turns).

namelastname112 the Skirmisher (Draconian Wanderer)  Turns: 653, Time: 00:01:12

Health: -2/26      AC:  4    Str: 15    XL:     2   Next: 89%
Magic:  2/2        EV: 12    Int: 12    God:
Gold:   32         SH:  0    Dex:  9    Spells: 1/1 levels left

rFire    . . .     SeeInvis .   a - +2 mace
rCold    . . .     Gourm    .   (no shield)
rNeg     . . .     Faith    .   (armour unavailable)
rPois    .         Spirit   .   (helmet restricted)
rElec    .         Reflect  .   (no cloak)
rCorr    .         Harm     .   (no gloves)
MR       .....                  (no boots)
Stlth    +.........             (no amulet)
HPRegen  0.08/turn              (no ring)
MPRegen  0.08/turn              (no ring)

@: no status effects
A: unfitting armour, cold-blooded, AC +4
a: no special abilities


You were on level 1 of the Dungeon.
You were not hungry.

You visited 1 branch of the dungeon, and saw 1 of its levels.

You collected 32 gold pieces.

Inventory:

Hand Weapons
 a - a +2 mace (weapon)
Jewellery
 g - an uncursed amulet of harm {unknown}
Scrolls
 d - a scroll of teleportation {unknown}
 e - 2 scrolls of identify {unknown}
 h - a scroll of blinking {unknown}
Potions
 b - 2 potions of lignification
 f - a potion of mutation {unknown}
Comestibles
 c - 3 rations


   Skills:
 + Level 3.1 Fighting
 - Level 3.0 Maces & Flails
 - Level 1.0 Throwing
 + Level 2.0 Dodging
 - Level 1.0 Stealth
 - Level 1.0 Unarmed Combat
   Level 1.0 Evocations


You had one spell level left.
You didn't know any spells.
Your spell library was empty.

Dungeon Overview and Level Annotations

Branches:
Dungeon (1/15)

Altars:


Innate Abilities, Weirdness & Mutations

Your plain brown scales are hard. (AC +4)
You cannot fit into any form of body armour.
You are cold-blooded and may be slowed by cold attacks.


Message History

No target in view!
Key pressed, stopping explore.
e - 2 scrolls labeled YCEK BYATE (gained 1) Key pressed, stopping explore.
A gnoll comes into view. It is wielding a +0 halberd.
The gnoll hits you with a +0 halberd.
You take 4 damage, and have 22/26 hp.
A gnoll is nearby!
A gnoll is nearby!
A gnoll is nearby!
A gnoll is nearby!
You closely miss the gnoll. The gnoll barely misses you.
You barely miss the gnoll. The gnoll hits you with a +0 halberd!
You take 12 damage, and have 10/26 hp.
MASSIVE DAMAGE!!
You are too injured to fight recklessly!
You are too injured to fight recklessly!
The gnoll closely misses you.
The gnoll hits you from afar with a +0 halberd!
Ouch! That really hurt!
You die...

#...###...###...
#.#.⌠.....⌠.....⌠.
#.#...###...###... #.##.##
##### ####
#.#...###...###...
#.#.⌠.....⌠.....⌠.
#.#...###...###...
#########.################
#........@................
#............##....)######
###..(.....g...##...(.# #
#..............##.....# #
#..............##.....#
####
#..............##.....#
#...
#..............##.....#
#...
#..[...........##.....#
#...
#.....................#
#...


You could see a gnoll.

Vanquished Creatures
  A dart slug (D:1)
  A leopard gecko (D:1)
  3 bats (D:1)
  8 goblins (D:1)
  2 hobgoblins (D:1)
  2 frilled lizards (D:1)
  2 kobolds (D:1)
  2 rats (D:1)
21 creatures vanquished.

Notes
Turn   | Place    | Note
-------+----------+-------------------------------------------
     0 | D:1      | namelastname112 the Draconian Wanderer began the quest for
                  | the Orb.
     0 | D:1      | namelastname112 set off with: a +2 mace, 2 potions of
                  | lignification, a ration
     0 | D:1      | Reached XP level 1. HP: 17/17 MP: 1/1
   139 | D:1      | Reached XP level 2. HP: 7/25 MP: 2/2
   653 | D:1      | Slain by a gnoll

Vault maps used:
D:1:      minmay_arrival_nine_rooms

Skill      XL: |  1  2 |
---------------+-------+-----
Fighting       | 3 |  3.1
Dodging        | 2 |  2.0
Maces & Flails | |  3.0
Throwing       | |  1.0
Stealth        | |  1.0
Unarmed Combat | |  1.0
Evocations     | |  1.0

Action                   || total
-------------------------++-------
Melee: Mace              ||    47
       Tailslap          ||     7
 Stab: Sleeping          ||     3
Armor: Skin              ||    10
Dodge: Dodged            ||    25

Table legend:
 A = Non-vault XP
 B = Vault XP
 C = Vault XP percentage of total XP
 D = Non-vault monster count
 E = Vault monster count
 F = Vault count percentage of total count
                 A         B        C        D         E       F
            +---------+---------+-------+---------+---------+-------
      Total |      38 |       0 |   0.0 |      21 |       0 |   0.0
            +---------+---------+-------+---------+---------+-------
        D:1 |      38 |       0 |   0.0 |      21 |       0 |   0.0
            +---------+---------+-------+---------+---------+-------
